 Dungeon Crawl Stone Soup version 0.26.0-10-g1f06aea511 (webtiles) character file.

Game seed: 6363630106669472571

31 Goblin1989 the Sneak (level 3, -1/29 HPs)
             Began as a Demonspawn Delver on Jan 26, 2021.
             Slain by a white imp (4 damage)
             ... on level 5 of the Dungeon.
             The game lasted 00:00:43 (90 turns).

Goblin1989 the Sneak (Demonspawn Delver)              Turns: 90, Time: 00:00:43

Health: -1/29      AC:  5    Str: 13    XL:     3   Next: 7%
Magic:  3/3        EV: 12    Int: 11    God:
Gold:   11         SH:  0    Dex: 14    Spells: 2/2 levels left

rFire    . . .     SeeInvis .   a - +0 short sword
rCold    . . .     Faith    .   (no shield)
rNeg     . . .     Spirit   .   b - +0 leather armour
rPois    .         Reflect  .   (no helmet)
rElec    .         Harm     .   (no cloak)
rCorr    .         Rampage  .   (no gloves)
Will     .....                  (no boots)
Stlth    ++........             (no amulet)
HPRegen  0.09/turn              (no ring)
MPRegen  0.08/turn              (no ring)

@: no status effects
A: icy blue scales 1, demonic guardian 1
a: no special abilities


You were on level 5 of the Dungeon.
You visited 1 branch of the dungeon, and saw 2 of its levels.

You collected 11 gold pieces.

Inventory:

Hand Weapons
 a - a +0 short sword (weapon)
Armour
 b - a +0 leather armour (worn)
Wands
 g - a wand of digging (3) {@v1}
Scrolls
 c - a scroll of fog
 e - a scroll of fear
 M - a scroll of magic mapping
Potions
 f - a potion of haste {@q3,}


   Skills:
 - Level 3.0 Fighting
 + Level 3.2 Short Blades
 - Level 1.7 Dodging
 - Level 4.5 Stealth


You had 2 spell levels left.
You didn't know any spells.
Your spell library was empty.

Dungeon Overview and Level Annotations

Branches:
Dungeon (5/15)
 Temple: D:4-7

Altars:

Annotations:
D:4 Grinder


Innate Abilities, Weirdness & Mutations

You are partially covered in icy blue scales. (AC +2)
A weak demonic guardian rushes to your aid.


Message History

There is a stone staircase leading down here.
Unknown command.
Grinder comes into view.
Grinder shouts!
You hear an angry hiss.
Grinder blinks!
There is a stone staircase leading down here.
You climb downwards.
You hear the sound of rushing water.
There is an entrance to a sewer on this level.
Hurry and find it before the portal rusts away!
There is a stone staircase leading up here.
Unknown command.
Found 11 gold pieces.
You now have 11 gold pieces.
You hear the slow rusting of a very distant drain.
An orc comes into view. It is wielding a +0 morningstar.
Found a scroll labelled ECORYM WEGITZOAK.
Found 25 arrows.
Found a stone staircase leading down.
Found a scroll labelled DIT KUDIGO and 12 gold pieces.
Found 17 stones.
The orc shouts!
Found a stone staircase leading down.
The orc closely misses you.
A white imp comes into view.
You closely miss the orc. The orc misses you.
The white imp shouts!
You hit the orc.
The orc is almost dead.
A hound comes into view.
The orc hits you with a +0 morningstar.
You take 1 damage, and have 17/18 hp.
You hit the orc.
You kill the orc!
Your Short Blades skill increases to level 2!
The white imp spits at you. The hound bites you.
You take 1 damage, and have 16/18 hp.
You closely miss the hound. The hound bites you.
You take 2 damage, and have 14/18 hp.
You closely miss the hound. The hound bites you. The hound barely misses you.
You take 4 damage, and have 10/18 hp.
MASSIVE DAMAGE!!
You hit the hound.
The hound is lightly wounded.
The hound barely misses you.
You closely miss the hound.
The hound is lightly wounded.
The hound bites you. The hound closely misses you.
You take 1 damage, and have 9/18 hp.
You miss the hound.
The hound is lightly wounded.
The hound barely misses you.
You hit the hound.
The hound is moderately wounded.
The hound closely misses you.
The white imp disappears for a moment.
The hound misses you.
You hit the hound.
The hound is heavily wounded.
The hound bites you.
* * * LOW HITPOINT WARNING * * *
You take 3 damage, and have 7/18 hp.
You hit the hound.
The hound is severely wounded.
The hound misses you. The hound barely misses you.
You barely miss the hound.
The hound is severely wounded.
The hound barely misses you.
You hit the hound.
You kill the hound!
Your Short Blades skill increases to level 3!
You have reached level 2!
Your demonic ancestry asserts itself...
Icy blue scales grow over part of your body.
You have reached level 3!
Your experience leads to an increase in your attributes!
Increase (s)trength, (i)ntelligence, or (d)exterity?
You feel stronger.
Your demonic ancestry asserts itself...
You feel the presence of a demonic guardian.
You regained 4 hp, and now have 11/29 hp.
MP restored: 3 Unknown command.
Unknown command.
You hit the white imp but do no damage. The white imp gestures at you.
The puff of frost misses you.
You hit the white imp.
The white imp is moderately wounded.
The white imp gestures at you. The puff of frost hits you.
* * * LOW HITPOINT WARNING * * *
You take 6 damage, and have 5/29 hp.
MASSIVE DAMAGE!!
You hit the white imp.
The white imp is severely wounded.
The white imp grins evilly.
The white imp closely misses you.
You hit the white imp but do no damage.
The white imp is severely wounded.
The white imp hits you.
* * * LOW HITPOINT WARNING * * *
The white imp freezes you.
You die... ..████..█ █.. ......██ ... ████...?.████.█ █.. ....(....$....█ █.█ █?....█ █.█ ██.5.██ █.█ ██)██

█.█ █.██████████
█>█
███████....5@....█
█.█
█........███████.█
█<█ █.██████.█ █.█
█.█ █.█ █.█ █.█
█.█ █.██████.█ █.█
█.█ █........█████
█.█ █.█
████████.......
█████.█ █>.
.........>.....
......████████
████████.██████


You could see a white imp.

Vanquished Creatures
  A hound (D:5)
  An orc (D:5)
2 creatures vanquished.

Notes
Turn   | Place    | Note
-------+----------+-------------------------------------------
     0 | D:5      | Goblin1989 the Demonspawn Delver began the quest for the
                  | Orb.
     0 | D:5      | Reached XP level 1. HP: 18/18 MP: 1/1
     4 | D:4      | Noticed Grinder
    70 | D:5      | Noticed a hound
    86 | D:5      | Killed a hound
    87 | D:5      | Gained mutation: You are partially covered in icy blue
                  | scales. (AC +2) [demonic ancestry]
    87 | D:5      | Reached XP level 2. HP: 9/24 MP: 2/2
    87 | D:5      | Gained mutation: A weak demonic guardian rushes to your
                  | aid. [demonic ancestry]
    87 | D:5      | Reached XP level 3. HP: 11/29 MP: 3/3
    90 | D:5      | Slain by a white imp

Illustrated notes

Levels and vault maps discovered:
D:4:      layout_gridville, hangedman_glass_teeth,
          minmay_misc_feat_four_crosses, minmay_a_box_with_orc_wizards_in_it,
          uniq_ijyb, uniq_grinder
D:5:      layout_loops_ring, nicolae_overflow_crystal_walls,
          minmay_temple_entry_butterflies, portal_sewer_entry_f

Skill      XL: |  1 |
---------------+----+-----
Short Blades   | 3 |  3.2
Fighting       | |  3.0
Dodging        | |  1.7
Stealth        | |  4.5

Action                   || total
-------------------------++-------
Melee: Short sword       ||    17
Dodge: Dodged            ||    13
